 Dungeon Crawl Stone Soup version 0.23-a0-310-gdcc7a32 (webtiles) character file.

3222 lemonriz the Spear-Bearer (level 9, -2/80 HPs)
             Began as a Hill Orc Monk on Oct 12, 2018.
             Was a Believer of Beogh.
             Slain by a hippogriff (4 damage)
             ... on level 8 of the Dungeon.
             The game lasted 00:22:52 (8805 turns).

lemonriz the Spear-Bearer (Hill Orc Monk)           Turns: 8805, Time: 00:22:53

Health: -2/80      AC: 19    Str: 20    XL:     9   Next: 98%
Magic:  13/13      EV:  8    Int: 10    God:    Beogh [**....]
Gold:   302        SH:  0    Dex: 13    Spells: 8/8 levels left

rFire    . . .     SeeInvis .   h - +0 glaive
rCold    . . .     Gourm    .   (shield currently unavailable)
rNeg     . . .     Faith    .   r - +1 plate armour
rPois    .         Spirit   .   s - +0 helmet
rElec    .         Reflect  .   (no cloak)
rCorr    .         Harm     .   l - +2 pair of gloves {Str+3}
MR       +....                  q - +0 pair of boots
Stlth    ..........             (no amulet)
HPRegen  0.23/turn              t - ring of protection from magic
MPRegen  0.13/turn              (no ring)

@: no status effects
A: no striking features
a: Smiting, Renounce Religion


You were on level 8 of the Dungeon.
You worshipped Beogh.
Beogh was pleased with you.
You were not hungry.

You visited 2 branches of the dungeon, and saw 9 of its levels.
You also visited: Sewer.

You collected 519 gold pieces.
You spent 217 gold pieces at shops.

Inventory:

Hand Weapons
 a - a +1 spear
 h - a +0 glaive (weapon)
 y - a +0 trident
Armour
 l - a +2 pair of gloves of strength (worn)
 q - a +0 pair of boots (worn)
 r - a +1 plate armour (worn)
 s - a +0 helmet (worn)
Jewellery
 t - a ring of protection from magic (left hand)
 x - an uncursed ring of protection from cold
Wands
 b - a wand of flame (13)
 z - a wand of polymorph (8)
Scrolls
 d - a scroll of noise
 f - a scroll of enchant armour
 i - 2 scrolls of identify
 m - 2 scrolls of teleportation
 n - a scroll of remove curse
 o - a scroll of enchant weapon
 u - 2 scrolls of fear
Potions
 e - a potion of lignification
 g - 5 potions of curing
 j - a potion of haste
 k - a potion of resistance
 v - 3 potions of flight
 w - a potion of heal wounds
 A - a potion of agility {unknown}
Comestibles
 c - 14 rations
 B - 2 chunks of flesh


   Skills:
 + Level 7.7 Fighting
 * Level 9.5 Polearms
 + Level 6.0 Armour
 + Level 5.3 Dodging
 - Level 1.5 Stealth
 + Level 6.2 Invocations


You had 8 spell levels left.
You didn't know any spells.
Your spell library contained the following spells:

 Spells                   Type           Power        Failure   Level  Hunger
 Corona                   Hex            #......      100%        1    ##.....
 Slow                     Hex            #.......     100%        2    ###....
 Ignite Poison            Fire/Tmut/Pois #.......     100%        3    ####...
 Inner Flame              Hex/Fire       #.......     100%        3    ####...
 Portal Projectile        Hex/Tloc       #.....       100%        3    ####...
 Cause Fear               Hex            #.........   100%        4    #####..
 Leda's Liquefaction      Hex/Erth       #.........   100%        4    #####..
 Fireball                 Conj/Fire      #.........   100%        5    ######.
 Bolt of Fire             Conj/Fire      #.........   100%        6    #######
 Ring of Flames           Chrm/Fire      #.........   100%        7    #######
 Ignition                 Fire           #.........   100%        8    #######


Dungeon Overview and Level Annotations

Branches:
Dungeon (8/15)             Temple (1/1) D:4
   Lair: D:8-11

Altars:
Ashenzari
Dithmenos
Elyvilon
Fedhas
Makhleb
Qazlal
Sif Muna
Trog
Vehumet
Xom
Yredelemnul
The Shining One

Shops:
D:4 :   D:6 [


Message History

The hippogriff bites you but does no damage.
The hippogriff pecks you but does no damage.
The hippogriff claws you but does no damage.
You closely miss the hippogriff.
The hippogriff is severely wounded.
The hippogriff barely misses you. The hippogriff pecks you.
* * * LOW HITPOINT WARNING * * *
The hippogriff claws you.
* * * LOW HITPOINT WARNING * * *
Unknown command.
You hit the hippogriff.
The hippogriff is almost dead.
The hippogriff bites you!
* * * LOW HITPOINT WARNING * * *
The hippogriff pecks you but does no damage.
The hippogriff claws you but does no damage.
The hippogriff barely misses you.
The hippogriff pecks you but does no damage.
The hippogriff claws you.
You die...

####### #.....#
#.##.## #.##.#
#†##.# #.##@#
#.##H# #####.##.#
#########.....##.#
#......##.##.###.#
#.####.##.##.###.#
#.# #.##.....##.#
#.# #.##.....##.#
#.# #÷#..._..##


You could see a hippogriff.

Vanquished Creatures
  A hornet (D:7)
  A spriggan (D:7)
  A hungry ghost (D:7)
  2 orc warriors
  A phantom (D:8)
  6 ogres
  A centaur (D:6)
  A big kobold (Sewer)
  A bullfrog (D:7)
  A wyvern skeleton (D:7)
  2 scorpions
  8 killer bees
  3 wights (D:7)
  A howler monkey (D:4)
  2 centaur zombies
  A crimson imp (D:6)
  4 hounds
  A centaur skeleton (D:7)
  2 bullfrog skeletons
  3 orc priests
  An iguana (D:5)
  5 orc wizards
  Natasha (thrice) (D:4)
  Terence (D:3)
  2 worker ants
  A statue (D:4)
  A hound skeleton (D:5)
  A mummy (D:7)
  10 adders
  4 gnolls
  2 river rats
  2 shadow imps
  2 oozes
  An adder skeleton (D:6)
  A worm (D:6)
  3 dart slugs (D:1)
  5 leopard geckos
  30 orcs
  4 giant cockroaches
  4 goblins
  6 hobgoblins
  2 jackals (Sewer)
  4 quokkas
  2 ball pythons
  10 bats
  4 frilled lizards
  2 hobgoblin zombies (D:7)
  A jackal skeleton (D:6)
  8 kobolds
  2 kobold zombies (D:7)
  A leopard gecko skeleton (D:4)
  10 rats
178 creatures vanquished.

Vanquished Creatures (others)
  An ooze (D:3)
1 creature vanquished.

Grand Total: 179 creatures vanquished

Notes
Turn   | Place    | Note
-------+----------+-------------------------------------------
     0 | D:1      | lemonriz the Hill Orc Monk began the quest for the Orb.
     0 | D:1      | Reached XP level 1. HP: 19/19 MP: 1/1
    90 | D:1      | Reached XP level 2. HP: 8/27 MP: 2/2
   698 | D:1      | Reached skill level 1 in Armour
   741 | D:1      | Reached XP level 3. HP: 4/33 MP: 3/3
  1468 | D:2      | Reached skill level 4 in Polearms
  1721 | D:2      | Found a blossoming altar of Fedhas.
  1823 | D:2      | Reached XP level 4. HP: 38/40 MP: 4/4
  2034 | D:2      | Found a bloodstained altar of Trog.
  2621 | D:3      | Noticed Terence
  2645 | D:3      | Killed Terence
  2645 | D:3      | Reached XP level 5. HP: 31/47 MP: 5/5
  2911 | D:3      | Became a worshipper of Beogh the Brigand
  2911 | D:3      | Reached * piety under Beogh
  2911 | D:3      | Reached ** piety under Beogh
  2987 | D:3      | Noticed an ogre
  3147 | D:4      | Noticed Natasha
  3178 | D:4      | Killed Natasha
  3196 | D:4      | Noticed Natasha
  3213 | D:4      | Killed Natasha
  3213 | D:4      | Reached skill level 5 in Polearms
  3225 | D:4      | Reached XP level 6. HP: 12/55 MP: 6/6
  3406 | D:4      | Noticed Natasha
  3408 | D:4      | Reached skill level 5 in Fighting
  3415 | D:4      | Killed Natasha
  3656 | D:4      | Found a staircase to the Ecumenical Temple.
  3663 | Temple   | Entered the Ecumenical Temple
  3693 | D:4      | Found Izoic's Book Shoppe.
  3710 | D:4      | Reached skill level 1 in Invocations
  3810 | D:4      | Found a deep blue altar of Sif Muna.
  3823 | D:4      | Found a radiant altar of Vehumet.
  3866 | D:4      | Reached XP level 7. HP: 24/61 MP: 3/8
  4068 | D:4      | Reached skill level 6 in Polearms
  4462 | D:5      | Entered Level 5 of the Dungeon
  4831 | D:4      | You fall through a shaft for 3 floors!
  4952 | D:7      | Reached XP level 8. HP: 55/70 MP: 0/10
  5008 | D:7      | HP: 2/70 [wyvern skeleton (2)]
  5335 | D:6      | Reached skill level 7 in Polearms
  5587 | D:6      | Found Voje's Antique Armour Emporium.
  5805 | D:6      | Found a glowing drain.
  5811 | Sewer    | Entered a sewer
  6349 | Sewer    | Found a white marble altar of Elyvilon.
  6721 | D:5      | Found a faded altar of an unknown god.
  6721 | D:5      | Found a shimmering altar of Xom.
  6726 | D:5      | Found a basalt altar of Yredelemnul.
  6788 | D:5      | Found a faded altar of an unknown god.
  6789 | D:5      | Found a white marble altar of Elyvilon.
  6895 | D:6      | Bought a pair of runed gloves for 217 gold pieces
  6976 | D:5      | Found a shattered altar of Ashenzari.
  7018 | D:5      | Found a glowing golden altar of the Shining One.
  7198 | D:5      | Found a shadowy altar of Dithmenos.
  7207 | D:5      | Found a stormy altar of Qazlal.
  7623 | D:7      | Reached skill level 8 in Polearms
  7623 | D:7      | Reached XP level 9. HP: 71/78 MP: 12/12
  7674 | D:7      | Reached skill level 5 in Armour
  7686 | D:7      | Reached skill level 5 in Invocations
  7912 | D:7      | Noticed a hornet
  7917 | D:7      | Killed a hornet
  8159 | D:7      | Reached skill level 5 in Dodging
  8326 | D:7      | Reached skill level 9 in Polearms
  8690 | D:8      | Found a burning altar of Makhleb.
  8805 | D:8      | HP: 2/80 [hippogriff (7)]
  8805 | D:8      | Slain by a hippogriff

Vault maps used:
D:1:      nzn_arrival_settlement
D:2:      marbit_many_paths, bloody_trog
D:3:      first_ration, uniq_terence
D:4:      vehumet_statue, lemuel_crystal_altar, minmay_temple_entry_nine_rooms,
          serial_shops, shop, minmay_box_of_dots, uniq_natasha
D:5:      chequers_temple_overflow_minitemple, lemuel_round_altar,
          nicolae_overflow_crystal_walls, nicolae_qazlal_eye_of_the_storm,
          grunt_dithmenos_smoke
D:6:      gup_sewer_entry_spiral, serial_shops, shop
D:7:      the_bakery, minmay_mini_ossuary
D:8:      basic_altar, gup_ossuary_entry_pyramid, led_sif_book
Temple:   jpeg_temple_island
Sewer:    sewer_kobolds

Skill      XL: |  1  2  3  4  5  6  7  8  9 |
---------------+----------------------------+-----
Armour         | 1 2 3 4 6 |  6.0
Fighting       | 4 5 6 7 |  7.7
Polearms       | 4 5 6 8 9 |  9.5
Dodging        | 3 4 5 |  5.3
Invocations    | 1 3 4 6 |  6.2
Stealth        | |  1.5

Action                   |  1- 3 |  4- 6 |  7- 9 || total
-------------------------+-------+-------+-------++-------
Melee: Spear             |   126 |   280 |   384 ||   790
       Glaive            |       |       |   199 ||   199
Invok: Convert to Beogh  |       |     1 |       ||     1
       Smiting           |       |     1 |    18 ||    19
Evoke: Wand              |       |       |     6 ||     6
  Use: Potion            |       |     4 |     4 ||     8
       Scroll            |       |     4 |    14 ||    18
 Stab: Sleeping          |     5 |     2 |       ||     7
  Eat: Chunk             |     3 |     6 |     8 ||    17
       Ration            |       |       |     5 ||     5
Armor: Robe              |    20 |     4 |       ||    24
       Plate armour      |       |   140 |   387 ||   527
       Skin              |       |    29 |     2 ||    31
Dodge: Dodged            |    69 |    63 |   184 ||   316

Table legend:
 A = Non-vault XP
 B = Vault XP
 C = Vault XP percentage of total XP
 D = Non-vault monster count
 E = Vault monster count
 F = Vault count percentage of total count
                 A         B        C        D         E       F
            +---------+---------+-------+---------+---------+-------
      Total |    3978 |     626 |  13.6 |     147 |      31 |  17.4
            +---------+---------+-------+---------+---------+-------
        D:1 |      47 |       0 |   0.0 |      17 |       0 |   0.0
        D:2 |      50 |       7 |  12.3 |      17 |       1 |   5.6
        D:3 |     209 |      36 |  14.7 |      20 |       1 |   4.8
        D:4 |     510 |     199 |  28.1 |      22 |       6 |  21.4
        D:5 |     194 |       0 |   0.0 |      10 |       0 |   0.0
        D:6 |     452 |      25 |   5.2 |      14 |       6 |  30.0
        D:7 |    1676 |     233 |  12.2 |      30 |       6 |  16.7
        D:8 |     840 |       0 |   0.0 |      17 |       0 |   0.0
      Sewer |       0 |     126 | 100.0 |       0 |      11 | 100.0
            +---------+---------+-------+---------+---------+-------
